 Dungeon Crawl Stone Soup version 0.31-a0-1236-gaa9e43cceb (webtiles) character file.

Game seed: 14760160151763335992

2756 James the Grappler (level 9, -5/126 HPs)
             Began as a Troll Berserker on Dec 15, 2023.
             Was an Elder of Trog.
             Slain by a killer bee (6 damage)
             ... on level 9 of the Dungeon.
             The game lasted 00:18:25 (5644 turns).

James the Grappler (Troll Berserker)                Turns: 5644, Time: 00:18:26

Health: -5/126     AC:  4    Str: 37    XL:     9   Next: 41%
Magic:  17/17      EV: 10    Int:  3    God:    Trog [****..]
Gold:   452        SH:  0    Dex:  9    Spells: 8/8 levels left

rFire   . .          .
                       - Unarmed
rCold   . . .        (no shield)
rNeg    . . .        a - +0 animal skin
rPois   .            (helmet currently unavailable)
rElec   .            r - melded scarf {+Inv}
rCorr   .            (gloves unavailable)
SInv    .            (boots unavailable)
Will    ++...        (no amulet) Stlth
                     P - +6 ring of strength
HPRegen 2.21/turn    Y - ring of magical power
MPRegen 0.15/turn

%: no passive effects
@: berserking, lethally poisoned (-5 -> -28), beast-form, strong-willed,
regenerating, very quick
A: beast (slay +4), large, unfitting armour, claws 3, regeneration 1, shaggy fur
1, tough skin 1
a: Begin Untransformation, Renounce Religion, Berserk, Trog's Hand, Brothers in
Arms


You were on level 9 of the Dungeon.
You worshipped Trog.
Trog was greatly pleased with you.
You were a hulking beast.
You visited 1 branch of the dungeon, and saw 9 of its levels.

You collected 452 gold pieces.

Inventory:

Hand Weapons
 d - a +0 spear
   (You found it on level 1 of the Dungeon)
 I - a +1 sling
   (You took it off a goblin on level 4 of the Dungeon)
 R - the +5 dagger of Vayph {elec, Int+5 Dex+4 SInv}
   (You found it on level 7 of the Dungeon)

   Int+5:     It affects your intelligence (+5).
   Dex+4:     It affects your dexterity (+4).
   SInv:      It lets you see invisible.
Missiles
 h - 16 poisoned darts
 k - 79 stones
 z - 7 boomerangs
 J - a curare-tipped dart {!f}
Armour
 a - a +0 animal skin (worn)
 b - a +0 robe
   (You found it on level 1 of the Dungeon)
 o - a +1 cloak
   (You found it on level 2 of the Dungeon)
 p - a +0 robe
   (You found it on level 2 of the Dungeon)
 r - a scarf of invisibility (melded)
   (You found it on level 1 of the Dungeon)
 t - a +0 robe
   (You took it off Psyche on level 8 of the Dungeon)
 w - a +0 robe
   (You found it on level 8 of the Dungeon)
 x - a +0 robe
   (You found it on level 3 of the Dungeon)
 y - a +0 tower shield
   (You found it on level 4 of the Dungeon)
 B - a +0 robe
   (You took it off an orc wizard on level 4 of the Dungeon)
 C - a +0 robe
   (You took it off an orc wizard on level 4 of the Dungeon)
 F - a +0 robe
   (You took it off an orc wizard on level 4 of the Dungeon)
 G - a +0 robe
   (You took it off an orc wizard on level 4 of the Dungeon)
 H - a +0 robe
   (You took it off an orc wizard on level 4 of the Dungeon)
 K - a +0 robe
   (You took it off an orc wizard on level 7 of the Dungeon)
 L - a +1 robe of willpower
   (You took it off an orc wizard on level 7 of the Dungeon)
 M - a +0 robe
   (You took it off an orc wizard on level 8 of the Dungeon)
 O - a +0 robe
   (You took it off a wight on level 8 of the Dungeon)
 Q - a +0 robe
   (You found it on level 7 of the Dungeon)
 T - a +0 robe
   (You found it on level 5 of the Dungeon)
 V - a +0 robe
   (You found it on level 8 of the Dungeon)
 W - a +0 robe
   (You took it off a wight on level 8 of the Dungeon)
 X - a +0 robe
   (You took it off a wight on level 8 of the Dungeon)
Jewellery
 P - a +6 ring of strength (left claw)
   (You found it on level 7 of the Dungeon)
 Y - a ring of magical power (right claw)
   (You found it on level 8 of the Dungeon)
Talismans
 j - a beast talisman (active)
   (You found it on level 2 of the Dungeon)
 N - a dragon-blood talisman
   (You found it on level 7 of the Dungeon)
Wands
 S - a wand of polymorph (11)
   (You found it on level 7 of the Dungeon)
 Z - a wand of roots (3)
   (You found it on level 9 of the Dungeon)
Scrolls
 c - 3 scrolls of fog
 g - a scroll of vulnerability {!r}
 i - 2 scrolls of enchant armour
 l - 2 scrolls of blinking
 u - a scroll of revelation
 v - 3 scrolls of teleportation {@r4}
Potions
 e - 3 potions of degeneration {!q}
 f - 6 potions of curing {@q1}
 m - 3 potions of might
 n - 4 potions of mutation {!q}
 q - 2 potions of haste {@q3}
 s - 2 potions of heal wounds {@q2}
 A - a potion of resistance {unknown}
 D - a potion of enlightenment {unknown}
 E - 3 potions of ambrosia
 U - a potion of berserk rage {unknown}


   Skills:
 + Level 3.8 Fighting
 - Level 3.0 Dodging
 + Level 10.1 Unarmed Combat
 - Level 7.0 Shapeshifting


You had 8 spell levels left.
You didn't know any spells.
Your spell library was empty.

Dungeon Overview and Level Annotations

Branches:
Dungeon (9/15)             Temple (0/1) D:7
   Lair: D:8-11         Orc: D:9-12

Altars:
Ashenzari
Elyvilon
Makhleb
Nemelex Xobeh
Sif Muna
Zin

Annotations:
D:6 Sigmund


Innate Abilities, Weirdness & Mutations

You are a hulking beast.
Your limbs bulge with bestial killing power. (Slay +4)
You are too large for most types of armour.
You have claws for hands.
Your natural rate of healing is unusually fast.
You are covered in fur. (AC +1)
You have tough skin. (AC +1)


Message History

The killer bee closely misses you. The killer bee stings you.
You are more poisoned.
The killer bee poisons you!
Your skin crawls.
You feel strong-willed.
You feel extremely sick. The killer bee barely misses you.
The killer bee stings you.
* * * LOW HITPOINT WARNING * * *
The killer bee barely misses you. x2; The killer bee stings you!
* * * LOW HITPOINT WARNING * * *
You are more poisoned.
The killer bee poisons you!
The killer bee stings you but does no damage.
A red film seems to cover your vision as you go berserk!
You feel yourself moving faster!
You feel mighty!
You feel very sick.
The killer bee stings you but does no damage.
The killer bee closely misses you. The killer bee stings you.
* * * LOW HITPOINT WARNING * * *
The killer bee stings you but does no damage.
The killer bee stings you.
* * * LOW HITPOINT WARNING * * *
You are more poisoned.
The killer bee poisons you! The killer bee barely misses you.
Unknown command.
You barely miss the killer bee.
You feel very sick. The killer bee stings you.
* * * LOW HITPOINT WARNING * * *
You are more poisoned.
The killer bee poisons you! The killer bee stings you.
* * * LOW HITPOINT WARNING * * *
You are lethally poisoned!
The killer bee poisons you! The killer bee closely misses you.
You closely miss the killer bee.
* * * LOW HITPOINT WARNING * * *
You feel very sick. The killer bee stings you.
* * * LOW HITPOINT WARNING * * *
The killer bee stings you.
* * * LOW HITPOINT WARNING * * *
The killer bee stings you.
* * * LOW HITPOINT WARNING * * *
You are more poisoned.
The killer bee poisons you!
You miss the killer bee.
* * * LOW HITPOINT WARNING * * *
You feel extremely sick. The killer bee closely misses you.
The killer bee stings you.
You die...

.............
#..##....#######
#..##....###...###
#####.....#......#
#.....'......# #
#.....#......# .#
##....#......#
..##.
#....#.....y#.../..
##...+.....hyy.....
##..#.....y#.###..
#####.....# #
##+####


You could see 4 killer bees.

Vanquished Creatures
  Psyche (D:8)
  Eustachio (D:4)
  An ice beast (D:5)
  2 orc warriors
  2 black bears
  An ogre (D:7)
  A phantom (D:5)
  2 kobold brigands (D:7)
  4 bullfrogs
  4 scorpions
  3 wights (D:8)
  3 electric eels (D:9)
  2 jellies (D:5)
  2 orc priests
  2 hounds (D:6)
  6 iguanas
  8 orc wizards
  12 gnolls
  5 adders
  A white imp (D:6)
  4 ufetubi (D:7)
  3 dart slugs
  22 orcs
  11 ball pythons
  4 bats
  4 endoplasms
  2 giant cockroaches (D:1)
  7 goblins
  6 hobgoblins
  3 jackals (D:4)
  14 kobolds
  5 quokkas
  3 frilled lizards
  4 rats (D:1)
155 creatures vanquished.

Notes
Turn   | Place    | Note
-------+----------+-------------------------------------------
     0 | D:1      | James the Troll Berserker began the quest for the Orb.
     0 | D:1      | Reached XP level 1. HP: 22/22 MP: 0/0
   248 | D:1      | Reached XP level 2. HP: 29/29 MP: 1/1
   436 | D:1      | Reached skill level 4 in Unarmed Combat
   727 | D:1      | Reached ** piety under Trog
   728 | D:1      | Reached XP level 3. HP: 30/36 MP: 2/2
  1720 | D:3      | Found a sparkling altar of Nemelex Xobeh.
  2015 | D:4      | Noticed a scorpion
  2017 | D:4      | Noticed an orc warrior
  2035 | D:4      | Killed an orc warrior
  2036 | D:4      | Reached skill level 5 in Unarmed Combat
  2036 | D:4      | Reached XP level 4. HP: 44/44 MP: 3/3
  2036 | D:4      | Reached XP level 5. HP: 50/50 MP: 4/4
  2059 | D:4      | Reached XP level 6. HP: 50/59 MP: 5/5
  2119 | D:4      | Found the +1 Delatra's gloves {ID++}
  2254 | D:4      | Reached skill level 6 in Unarmed Combat
  2554 | D:4      | Noticed Eustachio
  2575 | D:4      | Killed Eustachio
  2576 | D:4      | Reached XP level 7. HP: 30/66 MP: 6/6
  2784 | D:4      | Found a shimmering blue altar of Sif Muna.
  2997 | D:5      | Entered Level 5 of the Dungeon
  3005 | D:5      | Reached skill level 7 in Unarmed Combat
  3105 | D:5      | Reached *** piety under Trog
  3106 | D:5      | Found a white marble altar of Elyvilon.
  3111 | D:5      | You fall into a shaft and drop 3 floors!
  3120 | D:7      | Found a staircase to the Ecumenical Temple.
  3159 | D:8      | Reached skill level 5 in Shapeshifting
  3297 | D:7      | Reached XP level 8. HP: 57/74 MP: 7/7
  3309 | D:7      | Reached skill level 8 in Unarmed Combat
  3467 | D:7      | Identified the +5 dagger of Vayph {elec, Int+5 Dex+4 SInv}
  3568 | D:6      | Reached **** piety under Trog
  3963 | D:5      | Reached skill level 9 in Unarmed Combat
  4132 | D:6      | Noticed Sigmund
  4246 | D:6      | Found a glowing silver altar of Zin.
  4451 | D:6      | Reached XP level 9. HP: 71/80 MP: 8/8
  4676 | D:8      | Noticed Psyche
  4773 | D:8      | Killed Psyche
  4853 | D:8      | Found a burning altar of Makhleb.
  4872 | D:8      | Found a broken altar of Ashenzari.
  5357 | D:8      | Reached skill level 10 in Unarmed Combat
  5644 | D:9      | HP: 1/126 [poisoned by a killer bee]
  5644 | D:9      | Slain by a killer bee

Illustrated notes

Levels and vault maps discovered:
D:1:      nagdon_arrival_zigzag_paths, layout_basic, serial_corexii_hall,
          corexii_hall_statues_s, corexii_hall_statues_u, minmay_pentomino_v2
D:2:      layout_basic
D:3:      layout_rooms, mainiacjoe_overflow_brackets
D:4:      layout_cave_pods, nicolae_sif_muna_little_library,
          pf_guarded_unrand_delatra, uniq_eustachio
D:5:      layout_loops_cross, elyvilon_altar_3, minmay_fountain_box
D:6:      layout_basic, lemuel_doored_altar, uniq_sigmund
D:7:      layout_rooms, minmay_temple_entry_from_below_a
D:8:      layout_loops_cross, mainiacjoe_overflow_catwalk_spiral, uniq_psyche
D:9:      lemuel_ogre_cave, layout_stronghold, fedhas_altar_4,
          chequers_big_river, corner_web_ring, hangedman_decor_peaks_small,
          uniq_amaemon

Skill      XL: |  1  2  3  4  5  6  7  8  9 |
---------------+----------------------------+-----
Unarmed Combat | 4 5 6 7 9 10 | 10.1
Shapeshifting  | 2 4 5 7 |  7.0
Fighting       | 3 |  3.8
Dodging        | 3 |  3.0

Action                     |  1- 3 |  4- 6 |  7- 9 || total
---------------------------+-------+-------+-------++-------
  Melee: Unarmed           |    99 |    85 |   162 ||   346
         Punch             |     1 |       |     9 ||    10
 Invoke: Berserk           |     1 |       |     3 ||     4
         Trog's Hand       |     1 |       |     1 ||     2
    Use: Scroll            |       |       |    17 ||    17
   Stab: Sleeping          |     1 |     1 |       ||     2
 Armour: Animal skin       |    42 |    74 |   183 ||   299
  Dodge: Dodged            |    41 |    52 |   110 ||   203
   Form: Beast             |     1 |       |       ||     1

Table legend: (Time is in decaauts)
 A = Elapsed time spent in this place.
 B = Non-inter-level travel time spent in this place.
 C = Inter-level travel time spent in this place.
 D = Time resting spent in this place.
 E = Time spent auto-exploring this place.
 F = Levels seen in this place.
 G = Mean time per level.
                   A        B        C        D        E       F      G
               +--------+--------+--------+--------+--------+-----+--------+
         Total |   5629 |   5200 |    429 |    223 |   3553 |   9 |  625.4 |
       Dungeon |   5629 |   5200 |    429 |    223 |   3553 |   9 |  625.4 |
               +--------+--------+--------+--------+--------+-----+--------+

Top non-repeatable levels by time:
     D:4: 1092 daAuts
     D:1: 967 daAuts
     D:8: 831 daAuts
     D:5: 635 daAuts
     D:2: 601 daAuts
     D:7: 450 daAuts
     D:6: 404 daAuts
     D:3: 368 daAuts
     D:9: 278 daAuts
